 Dungeon Crawl Stone Soup version 0.23-a0-644-gb60d84b635 (webtiles) character file.

1114 LLavrengius the Sneak (level 8, -2/54 HPs)
             Began as an Octopode Fighter on Jan 1, 2019.
             Was an Initiate of Sif Muna.
             Slain by a sky beast (5 damage)
             ... on level 5 of the Dungeon.
             The game lasted 00:18:00 (5212 turns).

LLavrengius the Sneak (Octopode Fighter)            Turns: 5212, Time: 00:18:00

Health: -2/54      AC:  1    Str: 15    XL:     8   Next: 34%
Magic:  8/8        EV: 12    Int:  9    God:    Sif Muna [......]
Gold:   288        SH:  9    Dex: 12    Spells: 7/7 levels left

rFire    + . .     SeeInvis .   a - +0 rapier
rCold    x . .     Gourm    .   b - +0 shield
rNeg     . . .     Faith    .   (helmet restricted)
rPois    .         Spirit   .   (no amulet)
rElec    .         Reflect  .   n - ring of resist corrosion
rCorr    +         Harm     .   u - ring of fire
MR       .....                  j - -3 ring of intelligence (curse)
Stlth    ++++......             (no ring)
HPRegen  0.18/turn              (no ring)
MPRegen  0.11/turn              (no ring)
                                (no ring)
                                (no ring)

@: hasted, very quick
A: almost no armour, stealthy swim, amphibious, 8 rings, constrict 8, camouflage
1, gelatinous body 1
a: Renounce Religion


You were on level 5 of the Dungeon.
You worshipped Sif Muna.
Sif Muna was noncommittal.
You were not hungry.

You visited 1 branch of the dungeon, and saw 5 of its levels.
You also visited: Sewer.

You collected 288 gold pieces.

Inventory:

Hand Weapons
 a - a +0 rapier (weapon)
 o - a +0 spear
 t - a cursed +0 spear
Armour
 b - a +0 shield (worn)
Jewellery
 j - a cursed -3 ring of intelligence (on tentacle)
 n - a ring of resist corrosion (left tentacle)
 u - a ring of fire (right tentacle)
Wands
 f - a wand of digging (4)
 s - a wand of disintegration (12)
Scrolls
 h - 3 scrolls of identify
 i - a scroll of remove curse
 l - a scroll of fear {unknown}
 m - 3 scrolls of magic mapping
 q - a scroll of teleportation {unknown}
 r - a scroll of enchant armour {unknown}
Potions
 c - a potion of might
 g - a potion of curing
 k - a potion of lignification
 p - 2 potions of heal wounds
 v - 2 potions of flight
 w - a potion of resistance {unknown}
Comestibles
 d - 5 rations


   Skills:
 + Level 4.7 Fighting
 * Level 6.5 Short Blades
 - Level 3.0 Dodging
 + Level 6.9 Stealth
 + Level 4.6 Shields


You had 7 spell levels left.
You didn't know any spells.
Your spell library contained the following spells:

 Spells                   Type           Power        Failure   Level  Hunger
 Animate Skeleton         Necr           N/A          83%         1    ##.....
 Pain                     Necr           #...         83%         1    ##.....
 Blink                    Tloc           N/A          93%         2    ###....
 Shroud of Golubria       Chrm/Tloc      #.........   93%         2    ###....
 Gell's Gravitas          Tloc           #.........   99%         3    ####...
 Lesser Beckoning         Tloc           #.........   99%         3    ####...
 Regeneration             Chrm/Necr      #.........   99%         3    ####...
 Teleport Other           Tloc           #.......     99%         3    ####...
 Vampiric Draining        Necr           #.........   99%         3    ####...
 Animate Dead             Necr           N/A          100%        4    #####..
 Passage of Golubria      Tloc           N/A          100%        4    #####..


Dungeon Overview and Level Annotations

Branches:
Dungeon (5/15)             Temple (0/1) D:4

Altars:
Qazlal
Sif Muna
The Shining One

Annotations:
D:4 1 runed door, levstk's ghost, amateur DrCj


Innate Abilities, Weirdness & Mutations

You cannot wear most types of armour.
You are very stealthy in the water. (Stealth+)
You are amphibious.
You can wear up to eight rings at the same time.
You can use your tentacles to constrict eight enemies at once.
Your skin changes colour to match your surroundings (Stealth+).
Your rubbery body absorbs attacks. (AC +1, EV +1)


Message History

You miss the sky beast.
The sky beast is severely wounded.
You hit the sky beast. Your squeeze misses the sky beast.
The sky beast is severely wounded.
The sky beast closely misses you.
Your shield prevents you from hitting the sky beast.
The sky beast is severely wounded.
The sky beast flickers out of sight!
Deactivating autopickup; reactivate with Ctrl-A.
Something hits you. Something shocks you.
* * * LOW HITPOINT WARNING * * *
You hit something. You barely miss something. Something hits you.
* * * LOW HITPOINT WARNING * * *
Something shocks you.
* * * LOW HITPOINT WARNING * * *
You miss something. Something hits you.
* * * LOW HITPOINT WARNING * * *
Something shocks you.
You die...

..........#[..#.<....##.....#
****#........##......##.###.#
****#.####.#..............#.#####
>,,*#.# #.......................
**,*#.# ######.#.#####.....####.
**,*#.# #.#.# ###.### #. *,*#.#
#...# #.# #. **,*#.# #..##
*###.#** #. ,,,*#.# #.@#
*....Y,** ## *,,*#.# ##{#
*.####,,# *,,*#.# #.# ###.#####.#
*,,*#.# ##.###..)....#.# *,**#.#
##......#####...# *,* #.#
##.#.#....###....# *,* #<#
##.##)#.#†..#..†#,*
,,**#.######.###.#.##.≈)..#*,*
,,,*#..............###$.(##*,*


There were no monsters in sight!

Vanquished Creatures
  Sigmund (D:5)
  2 ogres
  A big kobold (Sewer)
  A hound (D:5)
  2 orc priests (D:3)
  7 orc wizards
  A centaur skeleton (D:4)
  Terence (D:3)
  3 worker ants
  An iguana (D:5)
  3 hound skeletons
  A worker ant zombie (D:5)
  8 adders
  7 worms
  3 dart slugs
  5 leopard geckos
  20 orcs
  A ball python (D:2)
  12 bats
  7 giant cockroaches
  11 goblins
  5 hobgoblins
  9 jackals
  11 kobolds
  A quokka (D:2)
  5 frilled lizards
  2 leopard gecko skeletons (D:4)
  12 rats
143 creatures vanquished.

Notes
Turn   | Place    | Note
-------+----------+-------------------------------------------
     0 | D:1      | LLavrengius the Octopode Fighter began the quest for the
                  | Orb.
     0 | D:1      | Reached XP level 1. HP: 16/16 MP: 1/1
    14 | D:1      | Reached skill level 1 in Stealth
    26 | D:1      | Reached XP level 2. HP: 20/21 MP: 2/2
   187 | D:1      | Reached XP level 3. HP: 26/26 MP: 3/3
   719 | D:2      | Found a deep blue altar of Sif Muna.
   723 | D:2      | Became a worshipper of Sif Muna the Loreminder
   847 | D:2      | Reached XP level 4. HP: 24/31 MP: 4/4
  1134 | D:2      | Found a stormy altar of Qazlal.
  1628 | D:2      | Reached XP level 5. HP: 18/36 MP: 5/5
  2551 | D:3      | Noticed Terence
  2560 | D:3      | Killed Terence
  3011 | D:3      | Reached XP level 6. HP: 42/42 MP: 6/6
  3017 | D:3      | Reached skill level 5 in Stealth
  3213 | D:4      | Found a staircase to the Ecumenical Temple.
  3407 | D:4      | Found a glowing golden altar of the Shining One.
  3420 | D:4      | Reached skill level 5 in Short Blades
  3432 | D:4      | Reached XP level 7. HP: 23/47 MP: 7/7
  4306 | D:4      | Found a runed door.
  4308 | D:4      | Noticed levstk's ghost (amateur DrCj)
  4534 | D:5      | Entered Level 5 of the Dungeon
  4647 | D:5      | Found a glowing drain.
  4679 | Sewer    | Entered a sewer
  4953 | Sewer    | Found a white marble altar of Elyvilon.
  5116 | D:5      | Noticed Sigmund
  5123 | D:5      | Killed Sigmund
  5123 | D:5      | Reached XP level 8. HP: 45/54 MP: 8/8
  5212 | D:5      | Slain by a sky beast

Vault maps used:
D:1:      co_arrival_square_in_a_square_in_a_square
D:2:      minmay_chambers_of_twos, skrybe_limestone_x, kennysheep_flooded_box,
          lemuel_blue_sif_altar
D:3:      uniq_terence
D:4:      lemuel_doored_altar, minmay_temple_entry_offerings,
          ebering_ghost_reflecting_pool
D:5:      first_ration, gup_sewer_entry_pipe, minmay_misc_feat_cross,
          minmay_circle_x, uniq_prince_ribbit1, uniq_sigmund, uniq_edmund
Sewer:    sewer_kobolds

Skill      XL: |  1  2  3  4  5  6  7 |
---------------+----------------------+-----
Stealth        | 1 2 3 4 5 6 |  6.9
Short Blades   | 3 4 5 6 |  6.5
Fighting       | 4 |  4.7
Shields        | 4 |  4.6
Dodging        | |  3.0

Action                   |  1- 3 |  4- 6 |  7- 9 || total
-------------------------+-------+-------+-------++-------
Melee: Rapier            |    54 |   124 |   151 ||   329
       Constrict         |    16 |    34 |    32 ||    82
       Tentacles         |    11 |    21 |    24 ||    56
  Use: Potion            |       |     3 |     6 ||     9
       Scroll            |       |     3 |     5 ||     8
 Stab: Sleeping          |     7 |    12 |    10 ||    29
  Eat: Chunk             |       |     4 |     6 ||    10
       Ration            |       |     1 |       ||     1
Armor: Skin              |     2 |     4 |     5 ||    11
Dodge: Dodged            |    17 |    32 |    45 ||    94
Block: Shield            |    10 |    44 |    49 ||   103

Table legend:
 A = Non-vault XP
 B = Vault XP
 C = Vault XP percentage of total XP
 D = Non-vault monster count
 E = Vault monster count
 F = Vault count percentage of total count
                 A         B        C        D         E       F
            +---------+---------+-------+---------+---------+-------
      Total |     949 |     643 |  40.4 |     112 |      31 |  21.7
            +---------+---------+-------+---------+---------+-------
        D:1 |      46 |       0 |   0.0 |      28 |       0 |   0.0
        D:2 |      97 |      30 |  23.6 |      30 |       7 |  18.9
        D:3 |     207 |      36 |  14.8 |      17 |       1 |   5.6
        D:4 |     419 |       0 |   0.0 |      25 |       0 |   0.0
        D:5 |     180 |     463 |  72.0 |      12 |      14 |  53.8
      Sewer |       0 |     114 | 100.0 |       0 |       9 | 100.0
            +---------+---------+-------+---------+---------+-------
